 Dungeon Crawl Stone Soup version 0.30-a0-322-g102857c98e (webtiles) character file.

Game seed: 11927349626757864221

612 billz999 the Skirmisher (level 7, -7/56 HPs)
             Began as a Gnoll Hunter on Oct 27, 2022.
             Was a Plaything of Xom.
             Mangled by Pikel
             ... wielding a +2 whip of electrocution
              (20 damage)
             ... on level 4 of the Dungeon.
             The game lasted 00:07:35 (2964 turns).

billz999 the Skirmisher (Gnoll Hunter)              Turns: 2964, Time: 00:07:35

Health: -7/56      AC:  6    Str: 11 (12) XL:     7   Next: 44%
Magic:  10/10      EV: 14    Int:  8      God:    Xom [...*..]
Gold:   226        SH:  0    Dex: 16      Spells: 9/11 levels left

rFire   . . .      SeeInvis .    a - +1 shortbow
rCold   . . .      Faith    .    (shield currently unavailable)
rNeg    . . .      Spirit   .    c - +1 leather armour
rPois   .          Reflect  .    i - +0 helmet
rElec   .          Harm     .    (no cloak)
rCorr   .          Rampage  .    E - +0 pair of gloves
Will    .....                    (no boots)
Stlth   ++........               f - amulet of regeneration
HPRegen 1.09/turn                (no ring)
MPRegen 0.12/turn                (no ring)

@: unable to drink
A: fangs 1, strong nose, distributed training, inability to drink after injury 1
a: Renounce Religion


You were on level 4 of the Dungeon.
You worshipped Xom.
You were a favourite toy of Xom.
You visited 1 branch of the dungeon, and saw 4 of its levels.

You collected 226 gold pieces.

Inventory:

Hand Weapons
 a - a +1 shortbow (weapon)
 x - a +0 dagger of speed
Armour
 c - a +1 leather armour (worn)
 i - a +0 helmet (worn)
 p - an orb of wrath
 E - a +0 pair of gloves (worn)
Magical Staves
 d - a staff of earth
Jewellery
 f - an amulet of regeneration (around neck)
Scrolls
 b - a scroll of immolation
 h - 2 scrolls of enchant weapon
 k - a scroll of enchant armour
 n - a scroll of fear {unknown}
 q - a scroll of teleportation {unknown}
 r - a scroll of amnesia
 s - a scroll of silence {unknown}
 y - a scroll of acquirement {unknown}
 A - 2 scrolls of vulnerability {unknown}
 C - a scroll of identify {unknown}
 D - a scroll of magic mapping {unknown}
Potions
 g - a potion of mutation {unknown}
 l - 2 potions of curing
 m - 2 potions of magic {unknown}
 o - a potion of brilliance {unknown}
 t - a potion of cancellation {unknown}
 u - a potion of might {unknown}
 v - a potion of attraction {unknown}
 w - 2 potions of berserk rage {unknown}
 z - 2 potions of degeneration {unknown}
 B - a potion of lignification {unknown}


   Skills:
 + Level 5.3 Fighting
 + Level 2.6 Short Blades
 + Level 2.6 Long Blades
 + Level 2.6 Axes
 + Level 2.6 Maces & Flails
 + Level 2.6 Polearms
 + Level 2.6 Staves
 + Level 8.9 Ranged Weapons
 + Level 2.6 Throwing
 + Level 2.6 Armour
 + Level 5.3 Dodging
 + Level 3.5 Stealth
 + Level 2.6 Shields
 + Level 2.6 Unarmed Combat
 + Level 2.6 Spellcasting
 + Level 2.1 Conjurations
 + Level 2.1 Hexes
 + Level 2.1 Summonings
 + Level 2.1 Necromancy
 + Level 2.1 Translocations
 + Level 2.1 Transmutations
 + Level 2.1 Fire Magic
 + Level 2.1 Ice Magic
 + Level 2.1 Air Magic
 + Level 2.1 Earth Magic
 + Level 2.1 Poison Magic
 + Level 2.9 Invocations
 + Level 2.6 Evocations


You had 9 spell levels left.
You knew the following spells:

 Your Spells              Type           Power      Damage    Failure   Level
a - Wereblood             Tmut           4%         N/A       28%         2

Your spell library contained the following spells:

 Spells                   Type           Power      Damage    Failure   Level
 Sublimation of Blood     Necr           4%         N/A       28%         2
 Ignite Poison            Fire/Tmut/Pois 4%         N/A       50%         3
 Sticky Flame             Conj/Fire      4%         2d3       88%         4
 Summon Hydra             Summ           2%         N/A       100%        7
 Ignition                 Fire           2%         3d3       100%        8


Dungeon Overview and Level Annotations

Branches:
Dungeon (4/15)
 Temple: D:4-7

Altars:
Xom
Zin

Annotations:
D:3 1 runed translucent door, Crazy Yiuf
D:4 Pikel


Innate Abilities, Weirdness & Mutations

You have very sharp teeth.
Your uncanny sense of smell can sniff out nearby items.
Your experience applies equally to all skills.
You occasionally lose the ability to drink potions when taking damage.


Message History

The puff of flame hits Pikel.
Pikel is heavily wounded.
Unknown command.
Aiming: Throw Flame
Press: ? - help, Shift-Dir - straight line, f/p - Pikel
Aim: Pikel, wielding a +2 whip of electrocution and wearing a +0 robe (heavily wounded, 64% to hit)
The puff of flame misses Pikel.
The now-empty wand crumbles to dust.
Unknown command.
You shoot an arrow. The arrow closely misses Pikel.
Pikel hits you with a +2 whip of electrocution.
You shoot an arrow. The arrow closely misses Pikel.
Pikel barely misses you.
You shoot an arrow. The arrow closely misses Pikel.
Pikel hits you with a +2 whip of electrocution.
You shoot an arrow. The arrow closely misses Pikel.
Pikel hits you with a +2 whip of electrocution!
You aren't carrying any items that you can evoke.
Unknown command.
Unknown command.
You shoot an arrow.
The arrow hits Pikel but does no damage.
Pikel is heavily wounded.
Pikel hits you but does no damage.
You shoot an arrow. The arrow hits Pikel.
Pikel is heavily wounded.
Pikel hits you with a +2 whip of electrocution!
You are electrocuted!!
As you read the scroll labelled PELAS PICYLA, it crumbles to dust.
It is a scroll of enchant armour.
Your +0 leather armour glows green for a moment.
Pikel hits you with a +2 whip of electrocution.
As you read the scroll labelled SOLICRIPUE, it crumbles to dust.
You hear a loud clanging noise!
It was a scroll of noise.
You hear a shout! x4; You hear an angry hiss.
Pikel hits you with a +2 whip of electrocution!
* * * LOW HITPOINT WARNING * * *
You are electrocuted!!
You feel threatened and lose the ability to drink potions!
You die...
Xom thinks this is hilarious!

#...... #....................
#.......#.##...............#...
............................#...
.......................###..###..
........................#....##..
..........................#(.<
....................)..##....K
.......................##.....
#....)......@K....##......... ##
##............................
..#.........#.............o(.....
.....$##..5###.....####..##.....5
#...#####..# #...<.# #...........
#...#.....## #..#..##......##....
#........# #..##.....##....###..
##.......# ##.#....#..###.......
##........###.....#....# .......


You could see Pikel.

Vanquished Creatures
  An ogre (D:4)
  A phantom (D:4)
  2 lemures
  2 bullfrogs
  A necrophage (D:4)
  A crimson imp (D:3)
  2 orc priests (D:3)
  A hound (D:4)
  An iguana (D:4)
  An orc wizard (D:3)
  6 adders
  A worm (D:2)
  8 orcs
  7 ball pythons
  An endoplasm (D:3)
  A giant cockroach (D:2)
  3 goblins
  3 hobgoblins
  6 jackals (D:1)
  5 quokkas
  9 bats
  5 kobolds
  6 rats
74 creatures vanquished.

Vanquished Creatures (collateral kills)
  A lemure (D:3)
1 creature vanquished.

Grand Total: 75 creatures vanquished

Notes
Turn   | Place    | Note
-------+----------+-------------------------------------------
     0 | D:1      | billz999 the Gnoll Hunter began the quest for the Orb.
     0 | D:1      | Reached XP level 1. HP: 20/20 MP: 1/1
    79 | D:1      | Found a faded altar of an unknown god.
   114 | D:1      | Prayed at the altar of an unknown god.
   114 | D:1      | Became a worshipper of Xom of Chaos
   147 | D:1      | Reached XP level 2. HP: 24/26 MP: 2/2
   419 | D:1      | XOM: silly message
   862 | D:2      | Reached XP level 3. HP: 31/31 MP: 2/4
   921 | D:2      | Reached skill level 1 in Invocations
   958 | D:2      | Reached skill level 1 in Short Blades
   958 | D:2      | Reached skill level 1 in Long Blades
   958 | D:2      | Reached skill level 1 in Axes
   958 | D:2      | Reached skill level 1 in Maces & Flails
   958 | D:2      | Reached skill level 1 in Polearms
   958 | D:2      | Reached skill level 1 in Staves
   958 | D:2      | Reached skill level 1 in Throwing
   958 | D:2      | Reached skill level 1 in Armour
   958 | D:2      | Reached skill level 1 in Shields
   958 | D:2      | Reached skill level 1 in Unarmed Combat
   958 | D:2      | Reached skill level 1 in Spellcasting
   958 | D:2      | Reached skill level 1 in Evocations
   981 | D:2      | XOM: 1-stop teleportation journey
  1229 | D:2      | XOM: noise
  1327 | D:3      | Reached XP level 4. HP: 38/38 MP: 5/5
  1423 | D:3      | Reached skill level 1 in Conjurations
  1423 | D:3      | Reached skill level 1 in Hexes
  1423 | D:3      | Reached skill level 1 in Summonings
  1423 | D:3      | Reached skill level 1 in Necromancy
  1423 | D:3      | Reached skill level 1 in Translocations
  1423 | D:3      | Reached skill level 1 in Transmutations
  1423 | D:3      | Reached skill level 1 in Fire Magic
  1423 | D:3      | Reached skill level 1 in Ice Magic
  1423 | D:3      | Reached skill level 1 in Air Magic
  1423 | D:3      | Reached skill level 1 in Earth Magic
  1423 | D:3      | Reached skill level 1 in Poison Magic
  1512 | D:3      | Learned a level 2 spell: Wereblood
  1591 | D:3      | XOM: enchant monster (bad)
  1607 | D:3      | Reached XP level 5. HP: 36/43 MP: 5/7
  1661 | D:3      | Found a runed translucent door.
  1662 | D:3      | Noticed Crazy Yiuf
  1875 | D:3      | Found a glowing silver altar of Zin.
  2051 | D:3      | XOM: summons 3 hostile demons
  2052 | D:3      | Noticed a red devil
  2180 | D:4      | XOM: polymorph hound -> bullfrog
  2203 | D:4      | Noticed a phantom
  2212 | D:4      | Killed a phantom
  2213 | D:4      | Reached skill level 5 in Fighting
  2213 | D:4      | Reached skill level 5 in Dodging
  2213 | D:4      | Reached XP level 6. HP: 51/51 MP: 7/9
  2245 | D:4      | XOM: repel stairs
  2311 | D:4      | Reached XP level 7. HP: 56/56 MP: 10/10
  2437 | D:4      | Noticed Pikel
  2438 | D:4      | XOM: confusion
  2441 | D:4      | XOM: confuse monster(s)
  2464 | D:4      | XOM: 1-stop teleportation journey
  2587 | D:4      | XOM: enchant monster (good)
  2602 | D:4      | XOM: polymorph lemure -> crimson imp
  2654 | D:4      | XOM: fake destruction
  2761 | D:3      | XOM: scenery: create altars
  2769 | D:3      | XOM: fog
  2771 | D:3      | XOM: cast spell 'Monstrous Menagerie'
  2782 | D:3      | XOM: silly message
  2847 | D:3      | XOM: give mutation
  2847 | D:3      | Gained mutation: You occasionally lose the ability to drink
                  | potions when taking damage. [Xom's mischief]
  2863 | D:3      | XOM: stat loss: -1 Str (11/12)
  2964 | D:4      | Mangled by Pikel

Illustrated notes

Levels and vault maps discovered:
D:1:      dpeg_arrival_rhombi, layout_basic, shapermc_ecumenical_altar_ellora,
          kennysheep_boxes
D:2:      layout_rooms, grunt_decor_arrowhead
D:3:      layout_loops_cross, zin_statuary, dreamdust_princess_corridor,
          st_stairs_6, minmay_snake_closets, uniq_crazy_yiuf_cottage
D:4:      layout_cave_pools, minmay_temple_entry_slanted, uniq_pikel

Skill      XL: |  1  2  3  4  5  6  7 |
---------------+----------------------+-----
Invocations    | 1 2 |  2.9
Short Blades   | 1 2 |  2.6
Long Blades    | 1 2 |  2.6
Axes           | 1 2 |  2.6
Maces & Flails | 1 2 |  2.6
Polearms       | 1 2 |  2.6
Staves         | 1 2 |  2.6
Throwing       | 1 2 |  2.6
Armour         | 1 2 |  2.6
Shields        | 1 2 |  2.6
Unarmed Combat | 1 2 |  2.6
Spellcasting   | 1 2 |  2.6
Evocations     | 1 2 |  2.6
Conjurations   | 1 2 |  2.1
Hexes          | 1 2 |  2.1
Summonings     | 1 2 |  2.1
Necromancy     | 1 2 |  2.1
Translocations | 1 2 |  2.1
Transmutations | 1 2 |  2.1
Fire Magic     | 1 2 |  2.1
Ice Magic      | 1 2 |  2.1
Air Magic      | 1 2 |  2.1
Earth Magic    | 1 2 |  2.1
Poison Magic   | 1 2 |  2.1
Fighting       | 5 |  5.3
Dodging        | 5 |  5.3
Stealth        | 3 |  3.5
Ranged Weapons | |  8.9

Action                   |  1- 3 |  4- 6 |  7- 9 || total
-------------------------+-------+-------+-------++-------
 Fire: Shortbow          |    85 |   115 |    75 ||   275
Evoke: Wand              |       |       |     7 ||     7
  Use: Scroll            |       |     3 |     2 ||     5
       Potion            |       |       |     1 ||     1
Armor: Leather armour    |    14 |    19 |    12 ||    45
Dodge: Dodged            |    20 |    54 |    34 ||   108

Table legend: (Time is in decaauts)
 A = Elapsed time spent in this place.
 B = Non-inter-level travel time spent in this place.
 C = Inter-level travel time spent in this place.
 D = Time resting spent in this place.
 E = Time spent auto-exploring this place.
 F = Levels seen in this place.
 G = Mean time per level.
                   A        B        C        D        E       F      G
               +--------+--------+--------+--------+--------+-----+--------+
         Total |   2998 |   2658 |    340 |    158 |   1933 |   4 |  749.5 |
       Dungeon |   2998 |   2658 |    340 |    158 |   1933 |   4 |  749.5 |
               +--------+--------+--------+--------+--------+-----+--------+

Top non-repeatable levels by time:
     D:3: 1220 daAuts
     D:1: 821 daAuts
     D:2: 494 daAuts
     D:4: 463 daAuts
